 Dungeon Crawl Stone Soup version 0.29.1-13-g9f3cf754e1 (webtiles) character file.

Game seed: 1296589530342423300

1493 promet the Skirmisher (level 8, -9/60 HPs)
             Began as a Minotaur Hunter on Jan 26, 2023.
             Was a Follower of Hepliaklqana.
             Killed from afar by an acid dragon (25 damage)
             ... with a splash of acid
             ... on level 6 of the Dungeon on Jan 27, 2023.
             The game lasted 00:42:18 (6244 turns).

promet the Skirmisher (Minotaur Hunter)             Turns: 6244, Time: 00:42:19

Health: -9/60      AC: 16    Str: 16    XL:     8   Next: 51%
Magic:  8/8        EV: 16    Int: 13    God:    Hepliaklqana [*.....]
Gold:   43         SH:  0    Dex: 14    Spells: 6/8 levels left

rFire   . . .      SeeInvis +   a - +0 battleaxe
rCold   . . .      Faith    .   (shield currently unavailable)
rNeg    + . .      Spirit   .   c - +5 ring mail of Noughts and Crosses {rN+ Int+5 SInv}
rPois   .          Reflect  .   (helmet restricted)
rElec   .          Harm     .   k - +0 cloak
rCorr   .          Rampage  .   h - +1 pair of gloves
Will    .....                   p - +1 pair of boots
Stlth   +.........              (no amulet)
HPRegen 0.20/turn               m - +4 ring of evasion
MPRegen 0.11/turn               (no ring)

@: no status effects
A: reduced essence, horns 2, retaliatory headbutt
a: Renounce Religion, Recall Ancestor, Ancestor Identity


You were on level 6 of the Dungeon.
You worshipped Hepliaklqana.
Hepliaklqana was aware of your devotion.
You visited 1 branch of the dungeon, and saw 6 of its levels.

You collected 271 gold pieces.
You spent 228 gold pieces at shops.

Inventory:

Hand Weapons
 a - a +0 battleaxe (weapon)
 b - the +4 sling of the Intense God {venom, rC+}
   (You bought it in a shop on level 5 of the Dungeon)

   Any ammunition fired from it poisons the flesh of those it strikes.
   rC:        It protects you from cold.
 o - a +0 spear
 t - a +0 rapier
 z - a +0 long sword
 F - a +0 dire flail
 G - a +2 dagger of electrocution
Missiles
 g - 34 stones (quivered)
 q - 5 poisoned darts
 y - 3 javelins
Armour
 c - the +5 ring mail of Noughts and Crosses (worn) {rN+ Int+5 SInv}
   (You found it on level 4 of the Dungeon)

   Int:       It affects your intelligence (+5).
   rN:        It protects you from negative energy.
   SInv:      It lets you see invisible.
 h - a +1 pair of gloves (worn)
 k - a +0 cloak (worn)
 p - a +1 pair of boots (worn)
 x - an orb of mayhem
Magical Staves
 D - a staff of poison
Jewellery
 i - an amulet of guardian spirit
 m - a +4 ring of evasion (left hand)
 s - a ring of positive energy
Wands
 l - a wand of iceblast (8)
 n - a wand of quicksilver (7)
Scrolls
 e - a scroll of immolation
 f - a scroll of blinking
 j - 2 scrolls of teleportation
 r - a scroll of silence
 u - 6 scrolls of identify
 A - a scroll of summoning
Potions
 d - 2 potions of attraction
 v - a potion of mutation {unknown}
 w - 2 potions of curing
 B - a potion of brilliance


   Skills:
 + Level 4.7 Fighting
 + Level 1.6 Short Blades
 + Level 5.3(5.6) Axes
 + Level 2.6(4.3) Maces & Flails
 + Level 8.7 Ranged Weapons
 + Level 3.4 Armour
 + Level 3.8 Dodging
 + Level 1.2 Stealth
 + Level 0.8 Spellcasting
 + Level 0.1 Translocations
 + Level 0.3 Earth Magic


You had 6 spell levels left.
You knew the following spells:

 Your Spells              Type           Power      Damage    Failure   Level
a - Apportation           Tloc           0%         N/A       45%         1
b - Sandblast             Erth           2%         2d4       43%         1

Your spell library contained the following spells:

 Spells                   Type           Power      Damage    Failure   Level
 Beastly Appendage        Tmut           0%         N/A       47%         1
 Passwall                 Tmut/Erth      0%         N/A       58%         2
 Wereblood                Tmut           0%         N/A       63%         2
 Stone Arrow              Conj/Erth      0%         3d7       83%         3
 Dazzling Flash           Conj/Hex       0%         N/A       85%         3
 Spider Form              Tmut/Pois      0%         N/A       85%         3
 Agony                    Necr           0%         N/A       100%        5
 Alistair's Intoxication  Tmut/Pois      0%         N/A       100%        5
 Silence                  Hex/Air        0%         N/A       100%        5


Dungeon Overview and Level Annotations

Branches:
Dungeon (6/15)             Temple (0/1) D:5

Altars:
Fedhas
Hepliaklqana
Makhleb
Wu Jian

Shops:
D:4 [   D:5 ([!*!

Annotations:
D:4 3 runed translucent doors, javelincjr's ghost, amateur GnWn


Innate Abilities, Weirdness & Mutations

Your life essence is reduced to manifest your ancestor. (-10% HP)
You have a pair of horns on your head.
You reflexively headbutt those who attack you in melee.


Message History

The purple ugly thing headbutts you but does no damage.
The purple ugly thing headbutts you!
As you read the scroll of teleportation, it crumbles to dust.
You feel strangely unstable. The purple ugly thing headbutts you.
The purple ugly thing attacks as you move away!
The purple ugly thing headbutts you!
* * * LOW HITPOINT WARNING * * *
Your surroundings suddenly seem different.
You start resting.
An acid dragon is nearby!
The +4 sling of the Intense God {venom, rC+} begins to drip with poison!
b - the +4 sling of the Intense God (weapon)
{venom, rC+} Fire: b) +4 sling of the Intense God {venom, rC+}
Press: ? - help, Q - select action, (/) - cycle Shift-Dir - straight line, f - acid dragon
Aim: an acid dragon (moderately wounded, 67% to hit)
You shoot a sling bullet. The sling bullet hits the acid dragon.
The acid dragon is heavily wounded.
The acid dragon spits acid at you. The splash of acid misses you.
You hear a shout!
Fire: b) +4 sling of the Intense God {venom, rC+}
Press: ? - help, Q - select action, (/) - cycle Shift-Dir - straight line, f/p - acid dragon
Aim: an acid dragon (heavily wounded, catching its breath, 67% to hit)
You shoot a sling bullet. The sling bullet hits the acid dragon.
The acid dragon is severely wounded.
Fire: b) +4 sling of the Intense God {venom, rC+}
Press: ? - help, Q - select action, (/) - cycle Shift-Dir - straight line, f/p - acid dragon
Aim: an acid dragon (severely wounded, catching its breath, 67% to hit)
You shoot a sling bullet. The sling bullet hits the acid dragon.
The acid dragon is almost dead.
Fire: b) +4 sling of the Intense God {venom, rC+}
Press: ? - help, Q - select action, (/) - cycle Shift-Dir - straight line, f/p - acid dragon
Aim: an acid dragon (almost dead, catching its breath, 67% to hit)
You shoot a sling bullet. The sling bullet hits the acid dragon.
The acid dragon is almost dead.
The +4 sling of the Intense God {venom, rC+} stops dripping with poison.
a - a +0 battleaxe (weapon)
The acid dragon spits acid at you. The splash of acid hits you!!
You die...

##### #..........#.# ##.#.
#.#.# ###.######.#.# ##..#.
#.#.# #...........###.).'.
#.#.# ##.######...##....#.
##.#.#####........#.#.....#.
#.......##........#)#....###
#.#####.##........#.)...###.
#.# #.##..D.....#.#..###..
#.# #....@......#.#.###...
#.# #...........#.####....
#.#####..##.......#.# #.....
#........#.....####..####'##
####.....#.##.## #.........
#######.##.# #######.#.
#.##.# #... #.##.# ###.
#.##.# #.


You could see an acid dragon (catching breath).

Vanquished Creatures
  A steam dragon (D:6)
  2 ice beasts (D:6)
  An ogre (D:5)
  A necrophage (D:6)
  4 scorpions
  4 wights (D:6)
  A howler monkey (D:5)
  2 orc priests
  A hound (D:5)
  4 iguanas
  Terence (D:2)
  5 orc wizards
  Robin (D:2)
  3 gnolls (D:3)
  An adder (D:5)
  A shadow imp (D:5)
  2 worms (D:3)
  4 dart slugs
  16 orcs
  4 ball pythons
  3 bats (D:1)
  13 endoplasms
  7 giant cockroaches
  20 goblins
  6 hobgoblins
  6 jackals
  2 quokkas (D:1)
  4 frilled lizards
  7 kobolds
  9 rats
136 creatures vanquished.

Vanquished Creatures (others)
  An orc (D:6)
1 creature vanquished.

Grand Total: 137 creatures vanquished

Notes
Turn   | Place    | Note
-------+----------+-------------------------------------------
     0 | D:1      | promet the Minotaur Hunter began the quest for the Orb.
     0 | D:1      | Reached XP level 1. HP: 18/18 MP: 0/0
   108 | D:1      | Reached XP level 2. HP: 17/25 MP: 1/1
   399 | D:1      | Reached skill level 5 in Ranged Weapons
   717 | D:1      | Reached XP level 3. HP: 29/30 MP: 2/2
   855 | D:1      | Reached skill level 1 in Maces & Flails
   931 | D:1      | Found a faded altar of an unknown god.
  1096 | D:1      | Reached skill level 1 in Armour
  1105 | D:1      | Learned a level 1 spell: Apportation
  1158 | D:2      | Noticed Robin
  1364 | D:2      | Reached XP level 4. HP: 37/37 MP: 3/3
  1606 | D:2      | Killed Robin
  1901 | D:2      | Noticed Terence
  1912 | D:2      | Killed Terence
  2125 | D:3      | Learned a level 1 spell: Sandblast
  2238 | D:3      | Found a hazy altar of Hepliaklqana.
  2253 | D:3      | Became a worshipper of Hepliaklqana the Forgotten
  2380 | D:3      | Reached XP level 5. HP: 44/44 MP: 4/4
  2510 | D:3      | Reached skill level 6 in Ranged Weapons
  2968 | D:3      | Found a burning altar of Makhleb.
  2968 | D:3      | Noticed a balrug
  2971 | D:3      | Noticed a ynoxinul
  2971 | D:3      | Noticed an orange demon
  3098 | D:4      | Noticed javelincjr's ghost (amateur GnWn)
  3098 | D:4      | Noticed a water moccasin
  3100 | D:4      | Found a runed translucent gate.
  3104 | D:4      | Found a runed translucent gate.
  3104 | D:4      | Found a runed translucent gate.
  3155 | D:4      | Found Obreur's Armour Shoppe.
  3246 | D:4      | Reached XP level 6. HP: 37/51 MP: 5/5
  3247 | D:4      | Identified the +5 ring mail of Noughts and Crosses {rN+
                  | Int+5 SInv}
  3582 | D:4      | Found a sand-covered staircase.
  3662 | D:4      | Found an ornate altar of the Wu Jian Council.
  3816 | D:4      | Found a blossoming altar of Fedhas.
  4094 | D:5      | Entered Level 5 of the Dungeon
  4112 | D:5      | Identified the +3 short sword of Fokyqalyece {vorpal, rN+
                  | Stlth+}
  4129 | D:5      | Found Foalaehe's Antique Weapon Shoppe.
  4193 | D:5      | Bought a slimy sling for 169 gold pieces
  4193 | D:5      | Identified the +4 sling of the Intense God {venom, rC+}
                  | (You bought it in a shop on level 5 of the Dungeon)
  4230 | D:5      | Found Hofutzel's Assorted Antiques.
  4236 | D:5      | Bought a scroll labelled RYRGHY YXKA ZARCH for 26 gold
                  | pieces
  4253 | D:5      | Reached skill level 1 in Stealth
  4269 | D:5      | Reached skill level 7 in Ranged Weapons
  4430 | D:5      | Reached skill level 1 in Short Blades
  4562 | D:5      | Reached XP level 7. HP: 58/58 MP: 6/6
  4669 | D:5      | Reached * piety under Hepliaklqana
  4744 | D:5      | Reached skill level 1 in Axes
  4790 | D:5      | Found Deushrau's Antique Armour Boutique.
  4808 | D:5      | Found Mosurphy's Distillery.
  4814 | D:5      | Bought a potion of curing for 33 gold pieces
  4835 | D:5      | Found a staircase to the Ecumenical Temple.
  4923 | D:5      | Found Detiwan's Distillery.
  5283 | D:6      | Reached skill level 8 in Ranged Weapons
  5456 | D:6      | Reached XP level 8. HP: 60/60 MP: 8/8
  5936 | D:6      | Reached skill level 5 in Axes
  6121 | D:6      | Noticed a purple ugly thing
  6244 | D:6      | Killed from afar by an acid dragon

Illustrated notes

Levels and vault maps discovered:
D:1:      enne_arrival_octagon_isle, layout_basic, basic_ecumenical_altar,
          st_stairs_4, minmay_split_cup_large
D:2:      layout_rooms, uniq_robin, uniq_terence
D:3:      layout_rooms, makhleb_altar_promises_db,
          nicolae_hepliaklqana_hazy_memory, serial_curves, eino_curves_04,
          eino_curves_04
D:4:      layout_loops_ring, pdpol_wu_jian_five_deadly_venoms,
          lemuel_tele_altar, nicolae_ossuary_entry_false_entrances,
          gammafunk_ghost_split, serial_shops, shop, minmay_box_of_dots
D:5:      layout_loops_cross, temple_hall, serial_shops, nicolae_shop_stone,
          shop_fountains, nicolae_shop_stone, nicolae_shop_advertising_works
          [nicolae_subvault_shop_adworks], nicolae_shop_hallway_plus
D:6:      minmay_cornered_nines, layout_loops_ring, minmay_quadrilaterals,
          uniq_duvessa, uniq_menkaure

Skill      XL: |  1  2  3  4  5  6  7  8 |
---------------+-------------------------+-----
Ranged Weapons | 5 6 7 8 |  8.7
Maces & Flails | 1 2 |  2.6
Armour         | 1 2 3 |  3.4
Fighting       | 3 4 |  4.7
Stealth        | 1 |  1.2
Short Blades   | 1 |  1.6
Dodging        | 3 |  3.8
Axes           | 3 5 |  5.3
Spellcasting   | |  0.8
Translocations | |  0.1
Earth Magic    | |  0.3

Action                   |  1- 3 |  4- 6 |  7- 9 || total
-------------------------+-------+-------+-------++-------
Melee: Dagger            |    11 |       |       ||    11
       Whip              |    46 |    18 |       ||    64
       Headbutt          |     9 |    25 |    16 ||    50
       Punch             |     3 |     1 |     2 ||     6
       Rapier            |       |    49 |       ||    49
       Shortbow          |       |     4 |       ||     4
       War axe           |       |    15 |    27 ||    42
       Battleaxe         |       |       |    46 ||    46
 Fire: Shortbow          |    58 |    70 |       ||   128
       Sling             |       |    19 |    35 ||    54
 Cast: Sandblast         |       |     3 |     1 ||     4
       Apportation       |       |     1 |       ||     1
Invok: Ancestor Identity |       |       |     1 ||     1
  Use: Scroll            |     4 |     5 |     6 ||    15
       Potion            |     1 |     2 |     6 ||     9
 Stab: Sleeping          |       |       |     1 ||     1
Armor: Leather armour    |     9 |       |       ||     9
       Ring mail         |    15 |    21 |    37 ||    73
       Scale mail        |       |     8 |       ||     8
Dodge: Dodged            |    35 |    69 |    61 ||   165
